 Dungeon Crawl Stone Soup version 5.6-27-g44b401c (webtiles) character file.

40 Lanacter the Slasher (level 5, -3/39 HPs)
             Began as a Human Skald on July 19, 2018.
             Slain by an orc
             ... wielding a +0 hand axe
              (8 damage)
             ... on level 3 of the Dungeon.
             The game lasted 00:05:03 (2499 turns).

Lanacter the Slasher (Human Skald)                  Turns: 2499, Time: 00:05:04

Health: -3/39      AC:  3 (14%)Str: 12  XL:     5   Next: 11%
Magic:  6/6        EV: 11    Int: 13    God:
Gold:   107        SH:  0    Dex: 13    Spells: 6/9 levels left

rFire    + . .     SeeInvis .   b - +0 dagger (drain)
rCold    . . .     Faith    .   (no shield)
rNeg     . . .     Spirit   .   h - +0 leather armour
rPois    .         Reflect  .   (helmet restricted)
rElec    .         Clarity  +   (no cloak)
rCorr    .                      (no gloves)
MR       .....                  (no boots)
Stlth    +.........             (no amulet)
Regen    0.2/turn               (no ring)
MPRegen  0.2/turn               (no ring)

@: no status effects
A: horns 1, clarity, fire resistance 1
a: Stop Singing


You were on level 3 of the Dungeon.
You were not hungry.

You visited 1 branch of the dungeon, and saw 3 of its levels.

You collected 107 gold pieces.

Inventory:

Hand Weapons
 a - a +0 rapier
 b - a +0 dagger of draining (weapon)
Missiles
 e - 6 curare darts (quivered)
 g - 73 javelins
Armour
 h - a +0 leather armour (worn)
Wands
 c - a wand of acid (8)
Scrolls
 d - a scroll of amnesia
 f - a scroll of enchant armour


   Skills:
 + Level 2.4 Fighting
 * Level 4.4 Blades
 - Level 1.0 Armour
 - Level 1.0 Dodging
 - Level 4.0 Charms


You had 6 spell levels left.
You knew the following spells:

 Your Spells              Type           Power        Failure   Level  Hunger
a - Infusion              Chrm           10 (25)      8%          1    N/A
b - Song of Slaying       Chrm           10 (100)     12%         2    N/A

Your spell library contained the following spells:

 Spells                   Type           Power        Failure   Level  Hunger
 Ozocubu's Armour         Chrm/Ice       5 (100)      86%         4    N/A
 Regeneration             Chrm/Necr      5 (200)      45%         3    N/A
 Spectral Weapon          Chrm/Summ      5 (100)      99%         5    N/A

Dungeon Overview and Level Annotations

Branches:
Dungeon (3/15)

Altars:
Lugonu
Nemelex Xobeh
Sif Muna
Xom
Zin


Innate Abilities, Weirdness & Mutations

You have a pair of small horns on your head.
You possess an exceptional clarity of mind.
Your flesh is heat resistant. (rF+)


Message History

You barely miss the orc priest. You headbutt the orc priest (2).
The orc priest is almost dead.
The orc hits you with a +0 hand axe (2).
* * * LOW HITPOINT WARNING * * *
The orc hits you but does no damage.
The orc priest hits you but does no damage.
Unknown command.
Unknown command.
You hit the orc priest (4).
You kill the orc priest!
You have reached level 5!
The orc barely misses you. The orc closely misses you.
The orc hits you with a +0 hand axe (5).
* * * LOW HITPOINT WARNING * * *
Unknown command.
Unknown command.
Unknown command.
Unknown command.
The orc hits you with a +0 hand axe (8)!
You die...

##### ...# ##.####.## ###
.....S)oo##############..
...##.oo@................
#.#).##############.#
#.#..# #######.# # #.!.
......... ##.##
#########.# #..
..........# ###
###########


You could see 4 orcs and a ball python.

Vanquished Creatures
  An orc priest (D:3)
  2 adders (D:2)
  A dart slug (D:1)
  5 quokkas
  A bat (D:1)
  3 giant cockroaches
  8 goblins
  4 hobgoblins
  4 kobolds
  A ball python (D:2)
  2 frilled lizards
  3 rats
  A plant (D:1)
36 creatures vanquished.

Notes
Turn   | Place    | Note
-------+----------+-------------------------------------------
     0 | D:1      | Lanacter the Human Skald began the quest for the Orb.
     0 | D:1      | Reached XP level 1. HP: 16/16 MP: 2/2
   175 | D:1      | Reached XP level 2. HP: 22/22 MP: 0/2
   372 | D:1      | Learned a level 2 spell: Song of Slaying
   865 | D:1      | Reached XP level 3. HP: 19/27 MP: 3/3
  1364 | D:2      | Found a sparkling altar of Nemelex Xobeh.
  1520 | D:2      | Reached XP level 4. HP: 6/33 MP: 4/4
  1523 | D:2      | HP: 1/33 [poisoned by an adder]
  1524 | D:2      | Gained mutation: You possess an exceptional clarity of mind. [potion of mutation]
  1524 | D:2      | Gained mutation: You have a pair of small horns on your head. [potion of mutation]
  1524 | D:2      | Gained mutation: Your flesh is heat resistant. (rF+) [potion of mutation]
  2011 | D:2      | Found a deep blue altar of Sif Muna.
  2089 | D:2      | Found a shimmering altar of Xom.
  2214 | D:2      | Found a corrupted altar of Lugonu.
  2301 | D:2      | Found a glowing silver altar of Zin.
  2498 | D:3      | Reached XP level 5. HP: 10/39 MP: 6/6
  2499 | D:3      | Slain by an orc

Skill      XL: |  1  2  3  4 |
---------------+-------------+-----
Blades         | 3 4 |  4.4
Fighting       | |  2.4
Armour         | |  1.0
Dodging        | |  1.0
Charms         | |  4.0

Action                   |  1- 3 |  4- 6 || total
-------------------------+-------+-------++-------
Melee: Rapier            |   217 |    18 ||   235
       Dagger            |       |    30 ||    30
       Headbutt          |       |     4 ||     4
 Cast: Infusion          |     1 |       ||     1
       Song of Slaying   |     1 |       ||     1
 Abil: End Infusion      |     1 |       ||     1
  Use: Potion            |       |     1 ||     1
Armor: Leather armour    |    19 |     6 ||    25
Dodge: Dodged            |    40 |    29 ||    69
